 Dungeon Crawl Stone Soup version 0.30-b1-2-g02819fbbbe (webtiles) character file.

Game seed: 3542227284716274482

3108 Mesmaeker13 the Grave Robber (level 9, -7/62 HPs)
             Began as a Demigod Necromancer on June 14, 2023.
             Mangled by a troll (11 damage)
             ... on level 11 of the Dungeon.
             The game lasted 00:21:24 (8234 turns).

Mesmaeker13 the Grave Robber (Demigod Necromancer)  Turns: 8234, Time: 00:21:24

Health: -7/62      AC:  8    Str: 17    XL:     9   Next: 34%
Magic:  31/31      EV: 17    Int: 21    God:
Gold:   435        SH:  0    Dex: 14    Spells: 13/21 levels left

rFire   . . .        j - +3 trident (flame)
rCold   . . .        m - orb {light}
rNeg    . . .        s - +1 leather armour {rPois}
rPois   +            z - +0 helmet
rElec   .            (no cloak)
rCorr   .            (no gloves)
SInv    .            q - +1 pair of boots
Will    .....        (no amulet)
Stlth   +            u - +5 ring of evasion
HPRegen 0.30/turn    c - ring of magical power
MPRegen 0.22/turn

%: no passive effects
@: hasted, glowing, very quick
A: high MP 1, forlorn, divine attributes
a: no special abilities


You were on level 11 of the Dungeon.
You visited 1 branch of the dungeon, and saw 9 of its levels.

You collected 556 gold pieces.
You spent 121 gold pieces at shops.

Inventory:

Hand Weapons
 j - a +3 trident of flaming (weapon)
 n - a +0 sling
 y - a +1 heavy trident
 B - the +5 spear of Gusmugat {holy, *Corrode rC+ Int+4}
   (You found it on level 8 of the Dungeon)

   Int:       It affects your intelligence (+4).
   rC:        It protects you from cold.
   *Corrode:  It may corrode you when you take damage.
 I - a +2 scimitar of freezing
Missiles
 e - 18 poisoned darts (quivered)
Armour
 m - an orb of light (worn)
 q - a +1 pair of boots (worn)
 s - a +1 leather armour of poison resistance (worn)
 w - a +0 buckler
 z - a +0 helmet (worn)
 L - a +1 robe of cold resistance
Magical Staves
 C - a staff of death
Jewellery
 c - a ring of magical power (right hand)
 d - a ring of resist corrosion
 u - a +5 ring of evasion (left hand)
 E - a +6 ring of intelligence
 J - a ring of ice
Scrolls
 k - a scroll of vulnerability
 o - 2 scrolls of noise
 r - 2 scrolls of silence {unknown}
 t - a scroll of acquirement {unknown}
 v - a scroll of poison
 F - 2 scrolls of brand weapon
 G - a scroll of enchant weapon {unknown}
 H - 2 scrolls of magic mapping {unknown}
 K - a scroll of enchant armour {unknown}
Potions
 b - 2 potions of magic
 g - 2 potions of cancellation {unknown}
 h - 7 potions of curing
 i - 3 potions of mutation
 p - 2 potions of attraction
 A - a potion of flight {unknown}


   Skills:
 + Level 2.1 Polearms
 + Level 6.2 Armour
 - Level 3.3 Dodging
 - Level 2.0 Stealth
 + Level 6.6 Spellcasting
 + Level 7.9 Necromancy


You had 13 spell levels left.
You knew the following spells:

 Your Spells              Type           Power      Damage    Failure   Level
a - Necrotise             Necr           100%       1d9       1%          1
b - Vampiric Draining     Necr           40%        2d8       1%          3
c - Animate Dead          Necr           40%        N/A       4%          4

Your spell library contained the following spells:

 Spells                   Type           Power      Damage    Failure   Level
 Kiss of Death            Conj/Necr      92%        2d12      2%          1
 Shock                    Conj/Air       24%        1d4       11%         1
 Agony                    Necr           40%        N/A       12%         5
 Lesser Beckoning         Tloc           12%        N/A       17%         2
 Momentum Strike          Conj/Tloc      12%        3d8       17%         2
 Searing Ray              Conj           12%        2d4       17%         2
 Call Canine Familiar     Summ           6%         N/A       32%         3
 Dazzling Flash           Conj/Hex       12%        N/A       32%         3
 Gell's Gravitas          Tloc           6%         N/A       32%         3
 Inner Flame              Hex/Fire       6%         N/A       32%         3
 Portal Projectile        Hex/Tloc       12%        N/A       32%         3
 Swiftness                Air            6%         N/A       32%         3
 Teleport Other           Tloc           6%         N/A       32%         3
 Airstrike                Air            3%         2d(1-17)  73%         4
 Flame Wave               Conj/Fire      6%         2d5       73%         4
 Leda's Liquefaction      Hex/Erth       3%         N/A       73%         4
 Sticky Flame             Conj/Fire      6%         2d3       73%         4
 Chain Lightning          Conj/Air       3%         3d4       100%        9


Dungeon Overview and Level Annotations

Branches:
Dungeon (8/15)             Temple (0/1) D:6
   Lair: D:8-11

Shops:
D:1 (   D:2 *

Annotations:
D:4 3 runed translucent doors, HumbleHazard's ghost, novice MiFi
D:6 2 transporters, Notanamesir's ghost, novice BaHu


Innate Abilities, Weirdness & Mutations

You have an increased reservoir of magic. (+10% MP)
You shall have no god before yourself.
Your divine heritage dramatically boosts your attributes as you level up.


Message History

The unseen horror hits you but does no damage.
The unseen horror barely misses you. The unseen horror hits you!
The unseen horror hits you.
You hit the unseen horror. You burn the unseen horror.
The unseen horror is lightly wounded.
The unseen horror hits you. The unseen horror barely misses you.
The unseen horror hits you but does no damage.
The cyclops throws a large rock.
The large rock closely misses you.
As you read the scroll of fear, it crumbles to dust.
You assume a fearsome visage.
The cyclops resists with some effort.
The unseen horror looks frightened!
Cornered, the unseen horror turns to fight!
The unseen horror closely misses you.
You feel much better. The unseen horror hits you. x2
As you read the scroll of teleportation, it crumbles to dust.
You feel strangely unstable. The unseen horror hits you.
The unseen horror barely misses you. The unseen horror hits you.
You hit the unseen horror but do no damage.
The unseen horror is lightly wounded.
The unseen horror misses you. The unseen horror hits you.
The unseen horror closely misses you.
You hit the unseen horror. You burn the unseen horror.
The unseen horror is moderately wounded.
Your surroundings suddenly seem different.
A komodo dragon comes into view.
Found a wand of flame (15).
Found a stone staircase leading up.
The komodo dragon hisses angrily.
The komodo dragon bites you but does no damage.
The komodo dragon bites you!
* * * LOW HITPOINT WARNING * * *
You feel better.
You feel yourself speed up. The komodo dragon bites you!
* * * LOW HITPOINT WARNING * * *
Okay, then.
You feel yourself speed up. The komodo dragon closely misses you.
The troll bites you!
* * * LOW HITPOINT WARNING * * *
The troll claws you!
You die...

#.# .... # #.#.#
### ... .... ..
#.#.#.#.#.# ###
........## # #.#
.#.#.#.#.#.#
#..S#
........lT##.
#.#.#
.#.#.#.#@.#.####
..Y#
....../..........
#.###
.#.#.#.#....<#.##
#....
......######..##
#Y### #.#.#.#.
#...# #.# . .
.... #8T8# #.#
#### #...# #.#
#♣.8# #.# #...#
#.###


You could see a komodo dragon and a troll.

Vanquished Creatures
  Prince Ribbit (D:6)
  A wyvern (D:7)
  An ice beast (D:6)
  2 sky beasts
  2 orc warriors (D:8)
  A black bear (D:4)
  A centaur (D:7)
  2 phantoms (D:7)
  A kobold brigand (D:8)
  5 bullfrogs
  A gnoll sergeant (D:7)
  2 scorpions
  14 wights
  A spriggan skeleton (D:11)
  2 jellies (D:7)
  A howler monkey (D:8)
  A hound (D:5)
  2 gnoll boudas
  2 orc priests (D:6)
  4 iguanas (D:4)
  5 orc wizards
  2 gnolls (D:6)
  8 adders
  A shadow imp (D:7)
  A white imp (D:8)
  4 worms
  A dart slug (D:1)
  18 orcs
  5 bats
  4 endoplasms
  4 giant cockroaches
  5 goblins
  2 hobgoblins
  7 jackals (D:3)
  3 quokkas
  3 ball pythons
  6 kobolds
  4 rats
130 creatures vanquished.

Vanquished Creatures (collateral kills)
  An ufetubus (D:6)
  A dart slug (D:1)
  An orc (D:6)
  A jackal (D:3)
  A ball python (D:3)
5 creatures vanquished.

Vanquished Creatures (others)
  A gnoll (D:6)
  3 plants
4 creatures vanquished.

Grand Total: 139 creatures vanquished

Notes
Turn   | Place    | Note
-------+----------+-------------------------------------------
     0 | D:1      | Mesmaeker13 the Demigod Necromancer began the quest for the
                  | Orb.
     0 | D:1      | Reached XP level 1. HP: 14/14 MP: 5/5
    91 | D:1      | Found Areosih's Antique Weapon Shoppe.
   252 | D:1      | Reached XP level 2. HP: 20/20 MP: 5/7
  1425 | D:2      | Reached XP level 3. HP: 26/26 MP: 7/9
  1473 | D:2      | Found Caipp's General Store.
  1583 | D:2      | Reached skill level 4 in Necromancy
  1753 | D:2      | Learned a level 3 spell: Vampiric Draining
  2087 | D:2      | Bought a +1 leather armour of poison resistance for 121
                  | gold pieces
  2141 | D:3      | Got the Incunable of Floating Arcane Weapons
  2606 | D:4      | Found a runed translucent gate.
  2608 | D:4      | Found a runed translucent gate.
  2608 | D:4      | Found a runed translucent gate.
  2608 | D:4      | Noticed HumbleHazard's ghost (novice MiFi)
  2610 | D:4      | Identified the +0 spear of the Heavens {freeze, rElec
                  | Will+++ Str+2 Dex-3}
  2610 | D:4      | Identified the +0 ring mail "Lysmef" {Regen+ Str+5}
  2643 | D:4      | Reached XP level 4. HP: 33/33 MP: 3/10
  3018 | D:4      | Reached XP level 5. HP: 38/38 MP: 3/12
  3645 | D:4      | Noticed a black bear
  3652 | D:4      | Killed a black bear
  3653 | D:4      | Reached skill level 1 in Armour
  4019 | D:5      | Entered Level 5 of the Dungeon
  4073 | D:5      | Reached XP level 6. HP: 45/45 MP: 9/14
  4225 | D:5      | Reached skill level 5 in Necromancy
  4908 | D:5      | Learned a level 4 spell: Animate Dead
  5127 | D:6      | Reached XP level 7. HP: 50/50 MP: 16/16
  5171 | D:6      | Noticed Prince Ribbit
  5291 | D:6      | Killed Prince Ribbit
  5309 | D:6      | Noticed a queen bee
  5313 | D:6      | Noticed Notanamesir's ghost (novice BaHu)
  5347 | D:6      | Found a transporter.
  5351 | D:6      | Found a transporter.
  5386 | D:6      | Found a staircase to the Ecumenical Temple.
  5440 | D:6      | Reached skill level 6 in Necromancy
  5761 | D:6      | Reached skill level 5 in Spellcasting
  5761 | D:6      | Reached XP level 8. HP: 57/57 MP: 19/19
  6096 | D:7      | Reached skill level 7 in Necromancy
  6173 | D:7      | Reached skill level 5 in Armour
  6680 | D:7      | Reached XP level 9. HP: 62/62 MP: 21/22
  7305 | D:8      | Identified the +5 spear of Gusmugat {holy, *Corrode rC+
                  | Int+4}
  7461 | D:8      | Reached skill level 1 in Polearms
  8072 | D:8      | You fall into a shaft and drop 3 floors!
  8180 | D:11     | Noticed a guardian serpent
  8184 | D:11     | Noticed a komodo dragon
  8218 | D:11     | Noticed a cyclops
  8218 | D:11     | Noticed an unseen horror
  8230 | D:11     | Noticed a komodo dragon
  8234 | D:11     | Mangled by a troll

Illustrated notes

Levels and vault maps discovered:
D:1:      psy_arrival_wood_between_worlds, layout_loops_ring, serial_shops, shop
D:2:      layout_basic, serial_shops, nicolae_shop_tiny_waterfront,
          hangedman_decor_push, amcnicky_mini_pool_small, dk_noncrumbling_2
D:3:      layout_basic, serial_glass, glass_columns_a, glass_columns_a
D:4:      layout_basic, gammafunk_temple_overflow_elements,
          biasface_ghost_orc_armoury, kennysheep_cross_bottleneck,
          hangedman_decor_riveting
D:5:      layout_gridville, serial_bayou, serial_bayou_shore_a,
          serial_bayou_crossing, serial_bayou_pond_a, serial_bayou_pond_a
D:6:      layout_rooms, amcnicky_altar_gilded, temple_statues,
          gammafunk_ghost_hive, uniq_prince_ribbit1
D:7:      minmay_razor_zed, layout_basic, grunt_temple_overflow_open
D:8:      minmay_goldmine, layout_loops_corners, zin_academy,
          minmay_misc_feat_cross
D:11:     nrook_guardian_serpent_snake_passage, layout_loops_ring,
          lair_entry_dummy, hex_medium, chequers_avenue, hangedman_tell_no_tales

Skill      XL: |  1  2  3  4  5  6  7  8  9 |
---------------+----------------------------+-----
Stealth        | 2 |  2.0
Dodging        | 2 3 |  3.3
Spellcasting   | 2 3 4 5 6 |  6.6
Necromancy     | 4 5 6 7 |  7.9
Armour         | 1 2 4 5 6 |  6.2
Polearms       | 2 |  2.1

Action                     |  1- 3 |  4- 6 |  7- 9 || total
---------------------------+-------+-------+-------++-------
  Melee: Unarmed           |     7 |       |       ||     7
         Mace              |    10 |       |    23 ||    33
         Trident           |       |     9 |   109 ||   118
         Scimitar          |       |       |    35 ||    35
  Throw: Dart              |       |    31 |    24 ||    55
         Throwing net      |       |       |     1 ||     1
   Cast: Necrotise         |    70 |    68 |    15 ||   153
         Vampiric Draining |       |     2 |    23 ||    25
  Evoke: Wand              |       |    12 |    74 ||    86
    Use: Scroll            |     7 |     4 |     7 ||    18
         Potion            |       |       |     3 ||     3
   Stab: Distracted        |     1 |     1 |       ||     2
 Armour: Robe              |     2 |       |       ||     2
         Leather armour    |     1 |     3 |    54 ||    58
  Dodge: Dodged            |    20 |    23 |   194 ||   237
